Map: Golden Wall LE

Players

bleu

  • Race: Zerg Zerg
  • League: Diamond
  • Spawn Location: 7:00

A.I. 1 (Very Easy) - Winner!

  • Race: Terran Terran
  • Spawn Location: 5:00

VOD

Have the link to the VOD?

Description

Time

  • Played on: March 25, 2020, 1:02 a.m.
  • Length: 4:52
Show
View Real Time Build Order
Export as new Build Order

bleu Zerg 

Build Orders: Hatch First 

Get SALT Encoding   

  12  0:00  Drone  
  13  0:12  Overlord  
  13  0:17  Drone  
  14  0:30  Drone x2  
  16  0:48  Hatchery  
  15  0:51  Drone  
  15  0:55  Drone  
  17  0:59  Drone  
  18  1:09  Extractor  
  17  1:14  Spawning Pool  
  17  1:18  Drone  
  17  1:21  Drone  
  18  1:28  Drone  
  19  1:39  Drone  
  20  1:49  Overlord  
  20  2:00  Queen x2  
  24  2:01  Zergling x2  
  24  2:02  Zergling x2  
  26  2:10  Drone  
  26  2:11  Drone  
  26  2:14  Metabolic Boost  
  28  2:21  Drone  
  28  2:22  Drone  
  30  2:40  Hatchery  
  30  2:43  Drone  
  30  2:44  Drone  
  31  2:53  Queen  
  31  2:58  Overlord  
  33  3:00  Drone  
  33  3:03  Drone  
  35  3:09  Pneumatized Carapace  
  35  3:11  Drone  
  36  3:16  Drone x2  
  36  3:17  Drone  
  40  3:20  Drone  
  40  3:24  Overlord  
  40  3:27  Drone  
  40  3:28  Drone  
  42  3:35  Queen  
  42  3:38  Overlord  
  44  3:46  Zergling x2  
  44  3:47  Zergling x2  
  44  3:48  Drone x3  
  49  3:50  Drone  
  50  3:56  Drone x2  
  50  4:00  Queen  
  54  4:03  Drone  
  54  4:04  Drone x2  
  54  4:05  Drone  
  54  4:07  Drone  
  59  4:12  Drone x2  
  59  4:13  Drone  
  62  4:20  Overlord  
  62  4:23  Overlord  
  64  4:25  Overlord  
  64  4:42  Evolution Chamber  
  64  4:43  Evolution Chamber  
Show
View Real Time Build Order
Export as new Build Order

A.I. 1 (Very Easy) Terran - Winner!

Build Orders:  

Get SALT Encoding   

  12  0:00  SCV  
  13  0:13  SCV  
  14  0:20  Supply Depot  
  14  0:37  Refinery  
  14  0:45  Barracks  
  14  1:01  Supply Depot  
  14  1:12  Refinery  
  14  1:32  Barracks Tech Lab  
  14  1:35  Orbital Command  
  14  1:50  Marine  
  15  2:00  SCV  
  16  2:13  SCV  
  17  2:25  SCV  
  18  2:37  SCV  
  18  2:38  Marine  
  20  2:49  SCV  
  21  3:01  SCV  
  22  3:26  Marauder  
Tags
 
League
Diamond
Matchup
TvZ
Spawn Locations
Close Positions
Add a new tag
Caveats
  • Supply blocks, unpowered buildings, or Contaminate may cause inaccurate times.
  • Supply counts are checked every 10 seconds.